 Dungeon Crawl Stone Soup version 0.32-a0-900-g30fb1b0edc (webtiles) character file.

Game seed: 1198524409435101813

187398 Gadrel the Toxicologist (level 17, -2/133 HPs)
             Began as a Demonspawn Summoner on Apr 4, 2024.
             Was the Champion of Vehumet.
             Slain by a ghost moth (10 damage)
             ... on level 4 of the Spider Nest on Apr 5, 2024.
             The game lasted 01:54:49 (37131 turns).

Gadrel the Toxicologist (Demonspawn Summoner)      Turns: 37131, Time: 01:54:50

Health: -2/133     AC: 21    Str:  6 (14) XL:     17   Next: 87%
Magic:  1/33       EV: 16    Int: 32 (33) God:    Vehumet [******]
Gold:   3403       SH:  5    Dex: 19 (20) Spells: 3/40 levels left

rFire   + . .        a - +5 spear "Qyotetu" {heavy, rC+ Int+5 Dex+3}
rCold   + + .        T - orb {*channel}
rNeg    . . .        k - +2 robe {rC+ rF+}
rPois   .            f - +2 hat of Cearopsad {Str+4 Dex+3}
rElec   +            u - +0 cloak
rCorr   +            (gloves unavailable)
SInv    .            m - +1 pair of boots of the Rose {Rampage rElec}
Will    +....        o - amulet of reflection
Stlth   ++           x - +6 ring of intelligence
HPRegen 0.42/turn    O - ring of the Tortoise {AC+8}
MPRegen 0.23/turn

%: reflection, rampage, channel magic (20%)
@: about to teleport, very slightly contaminated, studying Fighting
A: claws 3, yellow scales 3, demonic guardian 2, powered by pain 1, corrupting
presence 1
a: Renounce Religion


You were on level 4 of the Spider Nest.
You worshipped Vehumet.
Vehumet was exalted by your worship.
You visited 4 branches of the dungeon, and saw 26 of its levels.
You also visited: Ossuary, Bailey, Gauntlet, Ice Cave and Volcano.

You collected 3601 gold pieces.
You spent 198 gold pieces at shops.

Inventory:

Hand Weapons
 a - the +5 spear "Qyotetu" (weapon) {heavy, rC+ Int+5 Dex+3}
   (You found it on level 3 of the Dungeon)

   Int+5:     It affects your intelligence (+5).
   Dex+3:     It affects your dexterity (+3).
   rC+:       It protects you from cold.
Missiles
 l - 45 poisoned darts
 r - 6 darts of dispersal {=f}
 z - 6 curare-tipped darts
Armour
 e - a +0 kite shield of reflection
   (You took it off Donald on level 2 of the Orcish Mines)
 f - the +2 hat of Cearopsad (worn) {Str+4 Dex+3}
   (You found it on level 13 of the Dungeon)

   Str+4:     It affects your strength (+4).
   Dex+3:     It affects your dexterity (+3).
 k - a +2 robe of resistance (worn)
   (You found it on level 3 of the Spider Nest)
 m - the +1 pair of boots of the Rose (worn) {Rampage rElec}
   (You found it on level 15 of the Dungeon)

   rElec:     It insulates you from electricity.
   Rampage:   It bestows one free step when moving towards enemies.
 u - a +0 cloak (worn)
   (You found it on level 7 of the Dungeon)
 T - an orb of energy (worn)
   (You found it on level 4 of the Lair of Beasts)
Magical Staves
 w - a staff of air {rElec}
   (You found it on level 5 of the Lair of Beasts)
 y - a staff of cold {rC+}
   (You found it in an ice cave)
Jewellery
 c - a ring of ice {rC+, rF-}
   (You found it on level 3 of the Dungeon)
 o - an amulet of reflection (around neck)
   (You took it off a spriggan on level 5 of the Lair of Beasts)
 x - a +6 ring of intelligence (left claw)
   (You found it on level 7 of the Dungeon)
 E - a +5 ring of evasion
   (You took it off a centaur on level 15 of the Dungeon)
 F - a ring of protection from fire {rF+, !d}
   (You found it on level 3 of the Spider Nest)
 L - a ring of poison resistance {rPois, !d}
   (You found it in a bailey)
 O - the ring of the Tortoise (right claw) {AC+8}
   (You took it off a tengu conjurer on level 15 of the Dungeon)

   [ring of protection]

   AC+8:      It affects your AC (+8).
 V - an amulet of magic regeneration
   (You found it on level 4 of the Lair of Beasts)
 W - a ring of willpower
   (You found it on level 5 of the Lair of Beasts)
 Z - a ring of wizardry {Wiz+, !d}
   (You found it on level 2 of the Lair of Beasts)
Wands
 d - a wand of digging (6)
   (You found it in a Gauntlet)
 h - a wand of acid (5)
   (You took it off Maurice on level 7 of the Dungeon)
 i - a wand of iceblast (5)
   (You found it on level 5 of the Lair of Beasts)
 j - a wand of polymorph (7)
   (You found it on level 3 of the Lair of Beasts)
 p - a wand of paralysis (31)
   (You found it on level 10 of the Dungeon)
Scrolls
 b - 5 scrolls of poison {!r}
 n - 2 scrolls of amnesia
 q - 4 scrolls of enchant weapon
 t - 2 scrolls of vulnerability {unknown}
 v - a scroll of summoning {unknown}
 A - 3 scrolls of fog
 C - 2 scrolls of enchant armour
 D - a scroll of blinking {!r}
 K - 2 scrolls of immolation {!r}
 S - 16 scrolls of identify {@r1}
 Y - 5 scrolls of teleportation {@r3}
Potions
 g - 9 potions of might
 B - 7 potions of brilliance
 G - 9 potions of ambrosia {!q}
 H - 3 potions of haste
 I - 7 potions of invisibility
 J - 9 potions of curing {@q1}
 M - 3 potions of magic
 P - 4 potions of lignification {!q}
 Q - a potion of cancellation
 R - 4 potions of resistance
 U - 4 potions of mutation {!q}
 X - 4 potions of enlightenment


   Skills:
 - Level 12.0 Fighting
 - Level 3.7 Armour
 + Level 8.3 Dodging
 - Level 2.0 Stealth
 - Level 12.0 Spellcasting
 - Level 12.0 Conjurations
 - Level 5.0 Hexes
 - Level 10.0 Summonings
 - Level 1.0 Fire Magic
 - Level 12.0 Ice Magic
 - Level 5.0 Air Magic
 - Level 12.0 Earth Magic
 - Level 14.0 Alchemy
 - Level 1.0 Evocations


You had 3 spell levels left.
You knew the following spells:

 Your Spells              Type           Power      Damage    Failure   Level
a - Permafrost Eruption   Ice/Erth       38%        2x4d9     2%          6
b - Call Canine Familiar  Summ           70%        N/A       1%          3
c - Eringya's Noxious Bo  Alch           41%        4d6       1%          6
d - Olgreb's Toxic Radia  Alch           83%        N/A       1%          4
e - Irradiate             Conj/Alch      40%        3d25      1%          5
f - Ignite Poison         Fire/Alch      61%        N/A       1%          4
L - Summon Lightning Spi  Summ/Air       61%        N/A       5%          4
Y - Yara's Violent Unrav  Hex/Alch       34%        3d14      1%          5

Your spell library contained the following spells:

 Spells                   Type           Power      Damage    Failure   Level
 Maxwell's Capacitive Co  Air            25%        ∞         99%         8
 Polar Vortex             Ice            38%        12d5*     99%         9
 Shatter                  Erth           38%        3d30*     99%         9
 Freeze                   Ice            100%       1d10      1%          1
 Sting                    Conj/Alch      100%       1d9       1%          1
 Summon Small Mammal      Summ           100%       N/A       1%          1
 Call Imp                 Summ           100%       N/A       1%          2
 Ensorcelled Hibernation  Hex/Ice        100%       N/A       1%          2
 Mercury Vapours          Alch/Air       100%       N/A       1%          2
 Frozen Ramparts          Ice            100%       1d16      1%          3
 Hailstorm                Conj/Ice       77%        3d13      1%          3
 Passwall                 Erth           77%        N/A       1%          3
 Stone Arrow              Conj/Erth      100%       3d13      1%          3
 Summon Ice Beast         Ice/Summ       74%        N/A       1%          3
 Slow                     Hex            100%       N/A       2%          1
 Cigotuvi's Dreadful Rot  Necr/Alch/Air  100%       N/A       2%          2
 Inner Flame              Hex/Fire       38%        N/A       2%          3
 Jinxbite                 Hex            100%       N/A       3%          2
 Swiftness                Air            50%        N/A       4%          3
 Tukima's Dance           Hex            50%        N/A       4%          3
 Volatile Blastmotes      Fire/Tloc      44%        2d13      4%          3
 Apportation              Tloc           38%        N/A       10%         1
 Flame Wave               Conj/Fire      57%        2d14      1%          4
 Sticky Flame             Fire/Alch      61%        2d10      1%          4
 Freezing Cloud           Conj/Ice/Air   34%        6-21      1%          5
 Animate Armour           Summ/Erth      100%       N/A       2%          4
 Iskenderun's Mystic Bla  Conj/Tloc      55%        2d12      (+2d62%     4
 Alistair's Intoxication  Alch           55%        N/A       2%          5
 Bombard                  Conj/Erth      38%        9d7       2%          6
 Summon Blazeheart Golem  Fire/Summ      53%        N/A       10%         4
 Ozocubu's Refrigeration  Ice            38%        4d16      10%         7
 Martyr's Knell           Necr/Summ      50%        N/A       11%         4
 Summon Mana Viper        Hex/Summ       61%        N/A       11%         5
 Dimensional Bullseye     Hex/Tloc       17%        N/A       22%         4
 Vhi's Electric Charge    Tloc/Air       70%        N/A       22%         4
 Silence                  Hex/Air        25%        N/A       22%         5
 Lehudib's Crystal Spear  Conj/Erth      38%        10d10     43%         8
 Dispel Undead            Necr           19%        3d11      45%         4
 Passage of Golubria      Tloc           19%        N/A       45%         4
 Monstrous Menagerie      Summ           35%        N/A       56%         7
 Ignition                 Fire           12%        3d6       100%        8


Dungeon Overview and Level Annotations

Branches:
Dungeon (15/15) Temple (0/1) D:6 Lair (5/5) D:11 Swamp (0/4) Lair:3 Spider (4/4) Lair:2 Slime (0/5) Lair:5 Orc (2/2) D:12 Elf (0/3) Orc:2 Vaults (0/5) D:12 D:13 Depths (0/4) D:15 Ossuary (visited) Bailey (visited) IceCv (visited) Volcano (visited) Gauntlet (visited)

Altars:
Okawaru
Ru
Sif Muna
Vehumet
Xom
Beogh
Jiyva
Lugonu

Shops:
D:7 *   Orc:2 (:[*

Portals:
Abyss: Lair:5


Innate Abilities, Weirdness & Mutations

You have claws for hands.
You are completely covered in yellow scales. (AC +4, rCorr)
A demonic guardian rushes to your aid.
You sometimes gain a little power by taking damage.
Your presence sometimes corrodes those you injure.


Message History

The wolf spider looks as sick as possible!
The emperor scorpion festers in the toxic bog.
The emperor scorpion looks as sick as possible!
The emperor scorpion attacks as it pursues you!
The emperor scorpion barely misses you.
The emperor scorpion completely misses you.
The emperor scorpion claws you but does no damage.
The wolf spider festers in the toxic bog!
The wolf spider looks as sick as possible!
You take 26 damage, and have 75/133 hp.
You erupt in a fountain of uncontrolled magic!
The emperor scorpion is blasted with magical radiation!
You kill the emperor scorpion!
Vehumet accepts your kill.
You feel your power returning.
You are lightly contaminated with residual magic.
Magical energy flows into your mind!
You feel extremely sick.
The wolf spider festers in the toxic bog!
The wolf spider looks as sick as possible!
You kill the wolf spider!
Vehumet accepts your kill.
You take 12 damage, and have 63/133 hp.
MP restored: 33 You enter the toxic bog.
Moving in this stuff is going to be slow.
Your noxious spew wanes.
You feel extremely sick.
You take 10 damage, and have 53/133 hp.
You feel extremely sick.
You take 7 damage, and have 46/133 hp.
You feel very sick.
The steelbarb worm attacks as it pursues you!
The steelbarb worm hits you!
* * * LOW HITPOINT WARNING * * *
Barbed spikes become lodged in your body.
You take 15 damage, and have 31/133 hp.
Press: ? - help, Dir - look around, f - activate Splash!
You fall into the toxic bog.
Moving in this stuff is going to be slow.
You spew toxic sludge!
You feel very sick.
The steelbarb worm festers in the toxic bog!
The steelbarb worm looks as sick as possible!
The steelbarb worm hits you but does no damage.
You take 4 damage, and have 27/133 hp.
You now have 27/33 mp.
Okay, then.
You feel very sick.
The steelbarb worm festers in the toxic bog!
The steelbarb worm looks as sick as possible!
The steelbarb worm becomes momentarily stuck in the toxic bog.
You take 4 damage, and have 23/133 hp.
Your unstable footing causes you to fumble your attack.
You feel very sick.
The steelbarb worm festers in the toxic bog!
The steelbarb worm looks as sick as possible!
The steelbarb worm hits you!
* * * LOW HITPOINT WARNING * * *
A demonic guardian appears!
More barbed spikes become lodged in your body.
The steelbarb worm festers in the toxic bog!
The steelbarb worm looks as sick as possible!
The steelbarb worm closely misses you.
You take 15 damage, and have 8/133 hp.
You feel better.
The steelbarb worm festers in the toxic bog!
The steelbarb worm looks as sick as possible!
The steelbarb worm becomes momentarily stuck in the toxic bog.
Your sun demon hits the steelbarb worm!
The steelbarb worm dies!
Vehumet accepts your kill.
You regained 11 hp, and now have 19/133 hp.
You start resting.
Your noxious spew wanes.
Okay, then.
You feel you are being watched by something.
You feel your power leaking away.
You now have 16/33 mp.
You feel you are being watched by something.
You feel your power leaking away.
You now have 6/33 mp.
Unknown command.
As you read the scroll of teleportation {@r3}, it crumbles to dust.
You feel strangely unstable.
You feel you are being watched by something.
You feel your power leaking away.
You now have 0/33 mp.
Unknown command.
Unknown command.
You carefully extract the barbed spikes from your body.
Something completely misses you. Something hits you but does no damage.
Deactivating autopickup; reactivate with Ctrl-A.
Something stings you!
* * * LOW HITPOINT WARNING * * *
You take 10 damage, and have 12/133 hp.
You feel better. Something hits you!
* * * LOW HITPOINT WARNING * * *
Something hits you!
You die...

............. ^..
~^.............. #.....
^............. ##^....
..........^.. #^..... ......
.†..##### #^.....
......##^^##.~~### ......
.......^.##^^.^.~### .^.~^.
..).....^..^3.....^########.^
...^...†.†..@............^...
^.................#......^...
....^^^~.....................
.....##^~^.^......#^.........
.....^.~#####.~.^..^.........
^..^...^~ ########.[~~....^
^........ ########~.
##~^..... #^^.......
#^.......


You could see a friendly sun demon (summoned).

Vanquished Creatures
  Rupert (Lair:4)
  Aizul (Spider:2)
  Donald (Orc:2)
  The ghost of Tewoziw the Warrior, a journeyman FoFi of Okawaru (D:15)
  A ghost moth (Spider:2)
  2 emperor scorpions
  An orc warlord (Orc:2)
  The ghost of Hoaki the Fighter, a journeyman HONe of Kikubaaqudgha (Lair:4)
  5 broodmothers
  Nessos (D:12)
  4 spark wasps (Spider:3)
  A minotaur (Gauntlet)
  Snorg (Lair:5)
  2 entropy weavers
  A fire dragon (D:15)
  Josephine (D:15)
  An entropy weaver (shapeshifter) (Lair:5)
  A great orb of eyes (D:15)
  An ironbound frostheart (IceCv)
  An ice dragon (Lair:3)
  A hell beast (Gauntlet)
  A catoblepas (Lair:5)
  An ogre mage (Orc:1)
  3 radroaches (Spider:4)
  6 boulder beetles
  2 hydras
  A death knight (D:15)
  9 centaur warriors
  8 two-headed ogres
  A dancing weapon (Lair:4)
  2 tengu warriors (D:15)
  7 death yaks
  4 orc high priests (Orc:2)
  6 demonic crawlers
  Urug (D:13)
  Sonja (Orc:2)
  A soul eater (Gauntlet)
  A sun demon (Volcano)
  3 thrashing horrors (Lair:5)
  4 pharaoh ants
  A skyshark (Lair:3)
  Lodul (D:13)
  A large abomination (Lair:5)
  5 skeletal warriors
  7 orb spiders
  2 obsidian statues
  4 orc knights
  A faun (shapeshifter) (D:15)
  5 steelbarb worms
  24 wolf spiders
  6 orc sorcerers
  26 ugly things
  2 cyclopes
  A manticore (D:12)
  A meliai (Spider:4)
  4 elephants (Lair:5)
  Maurice (D:7)
  4 moths of wrath
  A salamander (shapeshifter) (D:14)
  4 torpor snails
  4 kobold blastminers (Orc:2)
  A cane toad (shapeshifter) (Lair:5)
  2 black mambas
  3 smoke demons
  4 unseen horrors
  11 cane toads
  A rime drake (shapeshifter) (Lair:5)
  A rime drake (Lair:4)
  7 komodo dragons
  A kobold demonologist (D:14)
  A yaktaur (D:12)
  A tengu conjurer (D:15)
  A red devil (Gauntlet)
  A polar bear (shapeshifter) (D:14)
  12 polar bears (IceCv)
  A queen bee (D:9)
  6 trolls
  A hornet (D:9)
  A raiju (shapeshifter) (D:15)
  19 blink frogs
  32 jumping spiders
  A raiju (Lair:5)
  25 tarantellas
  12 culicivoras
  4 wyverns
  2 ynoxinuls (Lair:5)
  A centaur simulacrum (D:15)
  6 small abominations (Lair:5)
  5 slime creatures (D:15)
  A spriggan (Lair:5)
  9 basilisks
  3 wraiths (D:15)
  27 yaks
  14 humans
  4 fire bats (Volcano)
  3 wargs
  52 redbacks
  11 vampire mosquitoes
  3 steam dragons
  Grum (D:10)
  A chaos spawn (Lair:5)
  A swamp worm (shapeshifter) (D:15)
  An acid dragon (D:9)
  3 hell hounds (Volcano)
  17 water moccasins
  2 black bears (D:11)
  A black bear (shapeshifter) (D:15)
  46 orc warriors
  The ghost of Heh the Sneak, an amateur CoDe (D:5)
  56 wolves
  5 ogres
  2 boggarts (D:15)
  26 centaurs
  3 kobold brigands
  10 bullfrogs
  2 gnoll sergeants
  3 wights
  31 killer bees
  5 electric eels
  2 howler monkeys (D:13)
  3 crimson imps (Gauntlet)
  A bombardier beetle (D:5)
  4 lava snakes (Volcano)
  3 jellies
  2 hounds
  24 orc priests
  A gnoll bouda (D:9)
  4 iguanas
  28 orc wizards
  4 hell rats (Lair:2)
  3 mummies (Ossuary)
  13 gnolls
  15 adders
  5 shadow imps
  2 dart slugs
  A ribbon worm (D:2)
  101 orcs
  7 ball pythons
  6 endoplasms
  4 giant cockroaches
  10 goblins
  6 hobgoblins
  A jackal (D:2)
  5 kobolds
  5 quokkas
  9 bats
  A gnoll zombie (Ossuary)
  A hobgoblin zombie (Ossuary)
  3 kobold zombies (Ossuary)
  An orc zombie (Ossuary)
979 creatures vanquished.

Vanquished Creatures (collateral kills)
  A ghost moth (Spider:4)
  A very ugly thing (D:15)
  The ghost of Sirjeffry24 the Protected, a journeyman DsGl of Beogh (D:13)
  A hydra (Lair:2)
  An ironbound frostheart (IceCv)
  3 death yaks
  A demonic crawler (Spider:3)
  A steelbarb worm (Spider:4)
  A large abomination (Lair:5)
  A wolf spider (Spider:4)
  2 elephants (Lair:5)
  A torpor snail (Lair:3)
  2 black mambas (Lair:1)
  An ice statue (IceCv)
  Maggie (D:7)
  A rime drake (Lair:4)
  A cane toad (Lair:2)
  A komodo dragon (Lair:5)
  Prince Ribbit (D:7)
  3 dream sheep (Lair:3)
  3 blink frogs
  2 polar bears
  A culicivora (Spider:4)
  A slime creature (D:15)
  4 small abominations (Lair:5)
  2 shadows (D:12)
  A basilisk (Lair:2)
  21 yaks
  A wraith (D:11)
  4 vampire mosquitoes (D:11)
  2 acid dragons
  A black bear (D:6)
  3 orc warriors
  5 wolves
  A kobold brigand (D:6)
  6 scorpions
  6 wights
  An orc priest (D:11)
  2 bombardier beetles
  4 jellies
  3 iguanas
  7 orc wizards
  A hell rat (Lair:2)
  5 mummies (Ossuary)
  7 gnolls
  2 adders (D:6)
  A white imp (D:6)
  16 orcs
  3 endoplasms
  A giant cockroach (D:1)
  A goblin (D:1)
  A hobgoblin (D:1)
  A frilled lizard (D:1)
  A kobold (D:1)
  2 kobold zombies (Ossuary)
  A rat (D:1)
150 creatures vanquished.

Vanquished Creatures (others)
  A deep elf pyromancer (D:13)
  2 humans (D:13)
  A black bear (D:6)
  An ogre (D:6)
  An orc wizard (D:5)
  An adder (D:6)
7 creatures vanquished.

Grand Total: 1136 creatures vanquished

Notes
Turn   | Place    | Note
-------+----------+-------------------------------------------
     0 | D:1      | Gadrel the Demonspawn Summoner began the quest for the Orb.
     0 | D:1      | Reached XP level 1. HP: 13/13 MP: 3/3
    73 | D:1      | Reached skill level 2 in Stealth
    80 | D:1      | HP: 2/14 [quokka (4)]
   166 | D:1      | Reached skill level 1 in Fighting
   334 | D:1      | Gained mutation: You have sharp fingernails. [demonic
                  | ancestry]
   334 | D:1      | Reached XP level 2. HP: 21/21 MP: 1/5
   650 | D:1      | HP: 5/21 [quokka (1)]
   760 | D:1      | Learned a level 2 spell: Call Imp
  1087 | D:2      | Gained mutation: You are partially covered in yellow
                  | scales. (AC +2) [demonic ancestry]
  1087 | D:2      | Reached XP level 3. HP: 26/26 MP: 3/6
  1091 | D:2      | Learned a level 3 spell: Call Canine Familiar
  1118 | D:2      | Reached skill level 5 in Summonings
  1234 | D:2      | Reached XP level 4. HP: 32/32 MP: 7/7
  1471 | D:2      | Found a faded altar of an unknown god.
  1481 | D:2      | Got Plato's Directory of the Sphinx
  2074 | D:3      | Reached skill level 3 in Spellcasting
  2225 | D:3      | Identified the +5 spear "Qyotetu" {heavy, rC+ Int+5 Dex+3}
  2442 | D:4      | Reached XP level 5. HP: 33/37 MP: 9/9
  2497 | D:4      | Reached skill level 6 in Summonings
  2497 | D:4      | Found a sand-covered staircase.
  2517 | D:4      | Learned a level 4 spell: Summon Lightning Spire
  2524 | Ossuary  | Entered an ossuary
  2622 | Ossuary  | Reached skill level 1 in Air Magic
  2651 | Ossuary  | Reached XP level 6. HP: 43/43 MP: 6/10
  3045 | D:4      | Found a radiant altar of Vehumet.
  3111 | D:4      | Became a worshipper of Vehumet
  3125 | D:4      | Reached skill level 2 in Air Magic
  3333 | D:5      | Entered Level 5 of the Dungeon
  3441 | D:5      | Reached skill level 7 in Summonings
  3446 | D:5      | Reached skill level 3 in Air Magic
  3446 | D:5      | Reached XP level 7. HP: 48/48 MP: 8/11
  3539 | D:5      | Found a runed translucent door.
  3543 | D:5      | Noticed Heh's ghost (amateur CoDe)
  3543 | D:5      | Noticed a troll
  3631 | D:5      | Noticed a two-headed ogre
  3631 | D:5      | Noticed a two-headed ogre
  3923 | D:6      | You fall into a shaft and drop 1 floor!
  4098 | D:7      | Reached skill level 8 in Summonings
  4232 | D:7      | HP: 11/48 [kobold brigand/+0 whip (2)]
  4236 | D:7      | Reached skill level 4 in Air Magic
  4406 | D:7      | Reached * piety under Vehumet
  4406 | D:7      | Offered knowledge of Foxfire by Vehumet.
  4633 | D:7      | Noticed Maurice
  4645 | D:6      | Gained mutation: You have very sharp fingernails. [demonic
                  | ancestry]
  4645 | D:6      | Reached XP level 8. HP: 54/54 MP: 12/12
  4702 | D:6      | Reached skill level 5 in Air Magic
  4712 | D:6      | Reached skill level 2 in Fighting
  4895 | D:6      | Reached skill level 9 in Summonings
  5051 | D:6      | Found a staircase to the Ecumenical Temple.
  5318 | D:6      | Found a shimmering altar of Xom.
  5362 | D:6      | Reached skill level 10 in Summonings
  5598 | D:6      | Reached skill level 4 in Spellcasting
  5676 | D:6      | Gained mutation: A weak demonic guardian rushes to your
                  | aid. [demonic ancestry]
  5676 | D:6      | Reached XP level 9. HP: 59/61 MP: 15/15
  5780 | D:6      | Offered knowledge of Magic Dart by Vehumet.
  5789 | D:6      | Reached ** piety under Vehumet
  6255 | D:6      | Learned a level 4 spell: Olgreb's Toxic Radiance
  6810 | D:7      | Maurice stole a -2 eveningstar of draining
  6812 | D:7      | Maurice stole 8 boomerangs
  6814 | D:7      | Killed Maurice
  6815 | D:7      | Reached skill level 5 in Spellcasting
  6815 | D:7      | Reached skill level 3 in Alchemy
  7020 | D:7      | Noticed Maggie
  7029 | D:7      | Killed Maggie
  7030 | D:7      | Reached skill level 5 in Alchemy
  7103 | D:7      | Found Hingizotwu's Lightly-Used Armoury.
  7103 | D:7      | Noticed Prince Ribbit
  7115 | D:7      | Killed Prince Ribbit
  7530 | D:7      | Found a sacrificial altar of Ru.
  7555 | D:7      | Reached skill level 6 in Alchemy
  7590 | D:7      | HP: 12/61 [something (8)]
  7921 | D:7      | Learned a level 5 spell: Irradiate
  7999 | D:8      | Reached skill level 7 in Alchemy
  8013 | D:8      | Reached skill level 8 in Alchemy
  8013 | D:8      | Gained mutation: You have claws for hands. [demonic
                  | ancestry]
  8013 | D:8      | Reached XP level 10. HP: 42/67 MP: 12/17
  8077 | D:8      | Offered knowledge of Mephitic Cloud by Vehumet.
  8118 | D:8      | Found a flagged portal.
  8125 | Bailey   | Entered a bailey
  8158 | Bailey   | Reached *** piety under Vehumet
  8334 | Bailey   | Reached skill level 9 in Alchemy
  8633 | Bailey   | Offered knowledge of Flame Wave by Vehumet.
  8693 | Bailey   | Reached skill level 10 in Alchemy
  8785 | Bailey   | Reached skill level 3 in Fighting
  8806 | Bailey   | Reached skill level 1 in Conjurations
  8831 | Bailey   | Reached skill level 2 in Conjurations
  8902 | Bailey   | Identified the +4 triple sword of Rotation {pain, rCorr
                  | Dex+2}
  9158 | D:8      | Reached skill level 3 in Conjurations
  9612 | D:8      | Reached skill level 4 in Conjurations
 10207 | D:9      | Reached **** piety under Vehumet
 10208 | D:9      | Reached skill level 5 in Conjurations
 10209 | D:9      | Reached skill level 6 in Conjurations
 10209 | D:9      | Offered knowledge of Lee's Rapid Deconstruction by Vehumet.
 10210 | D:9      | Gained mutation: You are mostly covered in yellow scales.
                  | (AC +3) [demonic ancestry]
 10210 | D:9      | Reached XP level 11. HP: 49/75 MP: 18/18
 10407 | D:9      | Reached skill level 9 in Spellcasting
 10407 | D:9      | Gained mutation: You are completely covered in yellow
                  | scales. (AC +4, rCorr) [demonic ancestry]
 10407 | D:9      | Reached XP level 12. HP: 81/81 MP: 18/25
 10877 | D:9      | Reached skill level 7 in Conjurations
 10940 | D:9      | Reached skill level 10 in Spellcasting
 11252 | D:10     | Entered Level 10 of the Dungeon
 11291 | D:10     | Reached ***** piety under Vehumet
 11293 | D:10     | Offered knowledge of Permafrost Eruption by Vehumet.
 11294 | D:10     | Reached skill level 8 in Conjurations
 11301 | D:10     | Learned a level 6 spell: Permafrost Eruption
 11857 | D:5      | Killed Heh's ghost
 11864 | D:5      | Reached skill level 1 in Evocations
 12186 | D:10     | Found a shimmering blue altar of Sif Muna.
 12406 | D:10     | Noticed Grum
 12419 | D:10     | Killed Grum
 12461 | D:10     | Found an iron altar of Okawaru.
 12463 | D:10     | Reached skill level 9 in Conjurations
 12794 | D:11     | Reached skill level 10 in Conjurations
 12862 | D:11     | Found a staircase to the Lair.
 12882 | D:11     | Reached skill level 1 in Ice Magic
 12882 | D:11     | Reached skill level 1 in Earth Magic
 13161 | D:11     | Reached skill level 2 in Ice Magic
 13478 | D:11     | Reached skill level 2 in Earth Magic
 13644 | Lair:1   | Entered Level 1 of the Lair of Beasts
 13727 | Lair:1   | Reached skill level 3 in Ice Magic
 13727 | Lair:1   | Reached skill level 3 in Earth Magic
 13787 | Lair:1   | Found a frozen archway.
 13841 | IceCv    | Entered an ice cave
 13935 | IceCv    | Reached skill level 4 in Ice Magic
 13935 | IceCv    | Reached skill level 4 in Earth Magic
 14124 | IceCv    | Gained mutation: A demonic guardian rushes to your aid.
                  | [demonic ancestry]
 14124 | IceCv    | Reached XP level 13. HP: 59/86 MP: 12/27
 14190 | IceCv    | Offered knowledge of Ignite Poison by Vehumet.
 14213 | IceCv    | Learned a level 4 spell: Ignite Poison
 14288 | IceCv    | Reached skill level 5 in Ice Magic
 14333 | IceCv    | Reached skill level 5 in Earth Magic
 14828 | IceCv    | Reached skill level 6 in Ice Magic
 14830 | IceCv    | Reached skill level 6 in Earth Magic
 15134 | IceCv    | Reached skill level 7 in Ice Magic
 15134 | IceCv    | Reached skill level 7 in Earth Magic
 16064 | Lair:2   | Found a gate leading to a gauntlet.
 16079 | Gauntlet | Entered a Gauntlet
 16079 | Gauntlet | Found a transporter.
 16092 | Gauntlet | Found a transporter.
 16094 | Gauntlet | Found a transporter.
 16113 | Gauntlet | Found a transporter.
 16125 | Gauntlet | Found a transporter.
 16133 | Gauntlet | Found a transporter.
 16133 | Gauntlet | Noticed a reaper
 16148 | Gauntlet | Found a transporter.
 16167 | Gauntlet | Found a transporter.
 16181 | Gauntlet | Found a transporter.
 16193 | Gauntlet | Found a transporter.
 16205 | Gauntlet | Found a transporter.
 16217 | Gauntlet | Found a transporter.
 16234 | Gauntlet | Found a transporter.
 16252 | Gauntlet | Found a transporter.
 16254 | Gauntlet | Found a transporter.
 16284 | Gauntlet | Found a transporter.
 16286 | Gauntlet | Found a transporter.
 16288 | Gauntlet | Found a transporter.
 16625 | Gauntlet | Identified the ring of Fimoujoak {AC+4 Dex+5}
 16677 | Gauntlet | Noticed a minotaur
 16686 | Gauntlet | Killed a minotaur
 16703 | Gauntlet | Got the Incunable of Cryomancy and the Lungs
 16824 | Lair:2   | Reached skill level 8 in Ice Magic
 16824 | Lair:2   | Reached skill level 8 in Earth Magic
 17325 | Lair:2   | Offered knowledge of Yara's Violent Unravelling by Vehumet.
 17334 | Lair:2   | Learned a level 5 spell: Yara's Violent Unravelling
 17658 | Lair:2   | Found a hole to the Spider Nest.
 18003 | Lair:3   | Reached skill level 1 in Hexes
 18024 | Lair:3   | Reached XP level 14. HP: 86/93 MP: 11/28
 18100 | Lair:3   | Reached skill level 4 in Fighting
 18280 | Lair:3   | Reached skill level 2 in Hexes
 19210 | Lair:3   | Found a staircase to the Swamp.
 19443 | Lair:4   | Reached skill level 5 in Fighting
 19447 | Lair:4   | Reached skill level 9 in Ice Magic
 19764 | Lair:4   | Reached skill level 3 in Hexes
 19764 | Lair:4   | Reached skill level 9 in Earth Magic
 20343 | Lair:4   | Found a runed translucent door.
 20355 | Lair:4   | Found a shimmering altar of Xom.
 20355 | Lair:4   | Noticed Hoaki's ghost (journeyman HONe)
 20781 | Lair:4   | Noticed Rupert
 20788 | Lair:4   | Killed Rupert
 20879 | Lair:5   | Entered Level 5 of the Lair of Beasts
 20889 | Lair:5   | Reached skill level 4 in Hexes
 20948 | Lair:5   | Noticed Snorg
 20957 | Lair:5   | Killed Snorg
 20972 | Lair:5   | Found a staircase to the Slime Pits.
 20975 | Lair:5   | Found a viscous altar of Jiyva.
 21051 | Lair:5   | Reached skill level 5 in Hexes
 21136 | Lair:5   | Reached skill level 10 in Ice Magic
 21136 | Lair:5   | Reached skill level 10 in Earth Magic
 21146 | Lair:5   | Reached skill level 6 in Fighting
 21360 | Lair:5   | Reached skill level 7 in Fighting
 21444 | Lair:5   | Reached skill level 8 in Fighting
 21522 | Lair:5   | Reached skill level 9 in Fighting
 21579 | Lair:5   | Upgraded the game from 0.32-a0-898-g7811c86cf0 to
                  | 0.32-a0-900-g30fb1b0edc
 21604 | Lair:5   | Reached ****** piety under Vehumet
 21813 | Lair:5   | Offered knowledge of Arcjolt by Vehumet.
 21814 | Lair:5   | Reached skill level 10 in Fighting
 21814 | Lair:5   | Reached skill level 2 in Dodging
 22054 | Lair:5   | Reached skill level 3 in Dodging
 22054 | Lair:5   | Gained mutation: You sometimes gain a little power by
                  | taking damage. [demonic ancestry]
 22054 | Lair:5   | Reached XP level 15. HP: 115/115 MP: 13/29
 22054 | Lair:5   | Gadrel: !ac
 22054 | Lair:5   | beem: Infinity in $(int $(+ 0.5 $(* 100 $(/ 22... in $(/
                  | $(int $(+ 0.5 $(* 100 $(...
 22054 | Lair:5   | Gadrel: !ac 6
 22054 | Lair:5   | beem: 3.67 armour skill per 1 AC for 6 base AC
 22110 | Lair:5   | Reached skill level 1 in Armour
 22122 | Lair:5   | Found a corrupted altar of Lugonu.
 22122 | Lair:5   | Found a one-way gate to the infinite horrors of the Abyss.
 22578 | D:12     | Noticed Nessos
 22582 | D:12     | Killed Nessos
 22675 | D:12     | Found a staircase to the Orcish Mines.
 22756 | D:12     | Reached skill level 2 in Armour
 22782 | D:12     | Reached skill level 4 in Dodging
 22832 | D:12     | Identified the +11 spear of the Singing Ass {drain, rC++}
 23072 | Orc:1    | Entered Level 1 of the Orcish Mines
 23077 | Orc:1    | Reached skill level 1 in Fire Magic
 23580 | Orc:2    | Entered Level 2 of the Orcish Mines
 23582 | Orc:2    | Offered knowledge of Plasma Beam by Vehumet.
 23585 | Orc:2    | Reached skill level 3 in Armour
 23606 | Orc:2    | Found a dark tunnel.
 23626 | Volcano  | Entered a volcano
 24074 | Volcano  | Found a radiant altar of Vehumet.
 24229 | Volcano  | Found a bloodstained altar of Trog.
 24378 | Orc:2    | Noticed Donald
 24382 | Orc:2    | Killed Donald
 24637 | Orc:2    | Noticed Sonja
 24642 | Orc:2    | Killed Sonja
 24713 | Orc:2    | Offered knowledge of Iskenderun's Battlesphere by Vehumet.
 24954 | Orc:2    | Found Vodiqeu's General Store.
 24955 | Orc:2    | Found Fameorr's Book Shop.
 24957 | Orc:2    | Found Poemainn's Antique Armour Shop.
 24957 | Orc:2    | Found Xefeaj's Antique Weapon Boutique.
 24972 | Orc:2    | Bought a +2 helmet for 198 gold pieces
 25097 | Orc:2    | Found a staircase to the Elven Halls.
 25647 | D:13     | Noticed Urug
 25647 | D:13     | Noticed Lodul
 25647 | D:13     | Found a gate to the Vaults.
 26127 | D:13     | Found a runed translucent gate.
 26127 | D:13     | Found a runed translucent gate.
 26127 | D:13     | Found a runed translucent gate.
 26130 | D:13     | Killed Lodul
 26353 | D:13     | Reached skill level 11 in Conjurations
 26368 | D:13     | Reached skill level 11 in Alchemy
 26381 | D:13     | Reached XP level 16. HP: 122/122 MP: 8/30
 26514 | D:13     | Noticed Sirjeffry24's ghost (journeyman DsGl)
 26514 | D:13     | Identified the +0 chain mail "Ycviblog" {rN+ Slay+3}
 26631 | D:13     | Killed Urug
 26763 | D:13     | Found a roughly hewn altar of Beogh.
 26798 | D:13     | Killed Sirjeffry24's ghost
 27048 | D:13     | Identified the +2 hat of Cearopsad {Str+4 Dex+3}
 27137 | D:14     | Reached skill level 11 in Spellcasting
 27227 | D:14     | Reached skill level 11 in Ice Magic
 27238 | D:14     | Reached skill level 11 in Earth Magic
 27381 | D:15     | Entered Level 15 of the Dungeon
 27519 | D:14     | Offered knowledge of Eringya's Noxious Bog by Vehumet.
 27527 | D:14     | Learned a level 6 spell: Eringya's Noxious Bog
 28864 | D:15     | Noticed Josephine
 28866 | D:15     | Killed Josephine
 29780 | D:15     | Found a staircase to the Depths.
 29879 | D:15     | Found a runed translucent gate.
 29879 | D:15     | Found a runed translucent gate.
 29886 | D:15     | Found a runed translucent gate.
 29886 | D:15     | Noticed Tewoziw's ghost (journeyman FoFi)
 30343 | D:15     | Killed Tewoziw's ghost
 30600 | D:15     | Identified the +1 pair of boots of the Rose {Rampage rElec}
 30913 | Lair:4   | Killed Hoaki's ghost
 31134 | Spider:1 | Entered Level 1 of the Spider Nest
 31452 | Spider:1 | Reached skill level 12 in Conjurations
 31452 | Spider:1 | Reached skill level 12 in Alchemy
 32297 | Spider:1 | You fall into a shaft and drop 1 floor!
 32334 | Spider:2 | Reached skill level 12 in Ice Magic
 32336 | Spider:2 | Gained mutation: Your presence sometimes corrodes those you
                  | injure. [demonic ancestry]
 32336 | Spider:2 | Reached XP level 17. HP: 71/128 MP: 32/32
 32337 | Spider:2 | Reached skill level 12 in Spellcasting
 32337 | Spider:2 | HP: 32/128 [broodmother (16)]
 32350 | Spider:2 | Reached skill level 12 in Earth Magic
 32368 | Spider:2 | HP: 29/128 [jumping spider simulacrum (5)]
 32368 | Spider:2 | HP: 14/128 [emperor scorpion (3)]
 32370 | Spider:1 | HP: 2/128 [poisoned by an emperor scorpion]
 32375 | Spider:1 | HP: 23/128 [emperor scorpion (7)]
 33082 | Spider:1 | Offered knowledge of Shatter by Vehumet.
 33082 | Spider:1 | Offered knowledge of Polar Vortex by Vehumet.
 33082 | Spider:1 | Offered knowledge of Maxwell's Capacitive Coupling by
                  | Vehumet.
 33177 | Spider:2 | Identified the serpent talisman of the Untouchables {rElec
                  | rN++ Will-}
 33177 | Spider:2 | Noticed Aizul
 33188 | Spider:1 | HP: 31/128 [poisoned by Aizul (poison arrow)]
 33193 | Spider:1 | HP: 25/128 [poisoned by Aizul (poison arrow)]
 33601 | Spider:2 | Reached skill level 13 in Alchemy
 33736 | Spider:2 | Killed Aizul
 34545 | Spider:3 | Reached skill level 14 in Alchemy
 35247 | Spider:4 | Entered Level 4 of the Spider Nest
 35287 | Spider:4 | Reached skill level 5 in Dodging
 35290 | Spider:4 | Reached skill level 11 in Fighting
 35930 | Spider:4 | Reached skill level 12 in Fighting
 35931 | Spider:4 | Reached skill level 6 in Dodging
 36185 | Spider:4 | Reached skill level 7 in Dodging
 36421 | Spider:4 | HP: 27/133 [something (7)]
 36438 | Spider:4 | HP: 27/133 [demonic crawler (7)]
 36443 | Spider:4 | HP: 8/133 [demonic crawler (10)]
 36453 | Spider:3 | HP: 21/133 [demonic crawler (3)]
 37041 | Spider:4 | Reached skill level 8 in Dodging
 37118 | Spider:4 | HP: 31/133 [steelbarb worm (9)]
 37121 | Spider:4 | HP: 8/133 [steelbarb worm (11)]
 37130 | Spider:4 | HP: 12/133 [something (11)]
 37131 | Spider:4 | Slain by a ghost moth

Illustrated notes

Levels and vault maps discovered:
D:1:      minmay_arrival_glassed_features, layout_loops_ring, hex_medium
D:2:      layout_rooms, shapermc_ecumenical_altar_rom_forum,
          kennysheep_generic_room_7
D:3:      layout_loops_ring
D:4:      layout_rooms, nicolae_vehumet_radiance,
          lightli_ossuary_entry_decrepit_ruins
D:5:      layout_rooms, ebering_ghost_inner_flame, lightli_corner_chamber
D:6:      old_forge, layout_cave_pods, xom_confusion_cloud, temple_fountains
D:7:      layout_basic, lemuel_doored_altar, corexii_corridor_pit,
          kennysheep_pointless_box, minmay_shop_damaged, chequers_garden,
          lightli_orcish_oven, uniq_maurice, uniq_maggie, uniq_prince_ribbit1
D:8:      layout_loops_corners, enter_bailey_3
D:9:      layout_roguey [special_room_bee]
D:10:     layout_roguey, grunt_temple_overflow_open,
          hangedman_decor_diamond_cutter, uniq_grum
D:11:     layout_stronghold, dpeg_lair_monsters, serial_glass, glass_columns_b,
          glass_columns_b, glass_columns_c, glass_columns_b,
          chequers_mini_garden
D:12:     layout_big_octagon, david_orc_2, drop_trap, grunt_potential,
          uniq_nessos
D:13:     layout_basic, david_vaults_3, biasface_ghost_orc_armoury,
          minmay_misc_feat_secret_circle
D:14:     layout_basic, serial_park_tiny_1, abandoned_shop, minivault_16
D:15:     gammafunk_enter_depths_forms, layout_basic,
          gammafunk_ghost_tricky_traps, nicolae_twisty_statue_hallways,
          uniq_josephine
Lair:1:   layout_loops_ring, portal_ice_cave_entry_pillars_1, grunt_megastairs_1
Lair:2:   layout_chaotic_city, dummy_spider_entry, gauntlet_entry_generic,
          lemuel_fruit_fields, uniq_urug
Lair:3:   dragon1_lemuel, layout_chaotic_city, minmay_swamp_entry_worms,
          dreamdust_deal_with_the_devil, lemuel_fruit_fields,
          infiniplex_staircase_pool
Lair:4:   layout_regular_city, ebering_ghost_xom, serial_bayou_lake_a,
          uniq_rupert
Lair:5:   hellmonk_lair_end_abyssal_woods, layout_hall_layers,
          nicolae_slime_entry_slimehenge, uniq_snorg
Spider:1: layout_chambers
Spider:2: layout_spider_delve, uniq_aizul
Spider:3: layout_spider_delve, nicolae_spider_bzzzt
Spider:4: grunt_spider_rune_parallel
Orc:1:    layout_diamond_mine
Orc:2:    st_orc_congregation, layout_caves, nicolae_volcano_entry_two_sided,
          nicolae_orc_minecarts, uniq_donald, uniq_sonja

Skill      XL: |  1  2  3  4  5  6  7  8  9 10 11 12 13 14 15 16 17 |
---------------+----------------------------------------------------+-----
Stealth        | 2 |  2.0
Fighting       | 1 2 3 10 12 | 12.0
Summonings     | 5 6 7 8 10 | 10.0
Spellcasting   | 3 4 5 9 10 11 12 | 12.0
Air Magic      | 1 3 4 5 |  5.0
Alchemy        | 8 10 11 12 14 | 14.0
Conjurations   | 6 10 11 12 | 12.0
Evocations     | 1 |  1.0
Ice Magic      | 4 8 10 12 | 12.0
Earth Magic    | 4 8 10 11 12 | 12.0
Hexes          | 1 5 |  5.0
Dodging        | 3 4 8 |  8.3
Armour         | 3 |  3.7
Fire Magic     | 1 |  1.0

Action                     |  1- 3 |  4- 6 |  7- 9 | 10-12 | 13-15 | 16-18 || total
---------------------------+-------+-------+-------+-------+-------+-------++-------
  Melee: Unarmed           |    21 |       |       |       |       |       ||    21
         Whip              |    64 |    23 |       |       |       |       ||    87
         Spear             |       |    34 |    65 |       |   104 |   124 ||   327
   Fire: Sling             |     4 |   150 |    34 |       |       |       ||   188
         Shortbow          |       |       |   182 |   373 |    59 |       ||   614
   Cast: Summon Small Mamm |    17 |       |       |       |       |       ||    17
         Call Canine Famil |     1 |    10 |     8 |       |     1 |     2 ||    22
         Call Imp          |       |     2 |     1 |       |       |       ||     3
         Summon Lightning  |       |       |    33 |    19 |    33 |     4 ||    89
         Olgreb's Toxic Ra |       |       |       |    68 |    97 |    68 ||   233
         Irradiate         |       |       |       |    32 |    43 |    45 ||   120
         Permafrost Erupti |       |       |       |       |   192 |   218 ||   410
         Ignite Poison     |       |       |       |       |    64 |    33 ||    97
         Yara's Violent Un |       |       |       |       |     5 |     4 ||     9
         Eringya's Noxious |       |       |       |       |       |    28 ||    28
  Evoke: Wand              |       |       |       |       |     2 |    14 ||    16
    Use: Scroll            |     4 |     9 |     2 |     7 |     5 |    11 ||    38
         Potion            |       |     1 |       |     1 |       |    10 ||    12
   Stab: Distracted        |     1 |       |       |       |     1 |     1 ||     3
 Armour: Robe              |    58 |    77 |   105 |       |    66 |   396 ||   702
         Acid dragon scale |       |       |    30 |    55 |       |       ||    85
         Troll leather arm |       |       |       |    77 |   169 |       ||   246
         Ring mail         |       |       |       |    34 |       |       ||    34
  Dodge: Dodged            |    51 |    72 |   122 |   125 |   169 |   282 ||   821

Table legend: (Time is in decaauts)
 A = Elapsed time spent in this place.
 B = Non-inter-level travel time spent in this place.
 C = Inter-level travel time spent in this place.
 D = Time resting spent in this place.
 E = Time spent auto-exploring this place.
 F = Levels seen in this place.
 G = Mean time per level.
                   A        B        C        D        E       F      G
               +--------+--------+--------+--------+--------+-----+--------+
         Total |  37762 |  35772 |   1990 |   2928 |  25793 |  31 | 1218.1 |
       Dungeon |  18606 |  17216 |   1390 |    703 |  13549 |  15 | 1240.4 |
          Lair |   7202 |   6907 |    295 |    524 |   5234 |   5 | 1440.4 |
   Spider Nest |   5717 |   5590 |    127 |   1102 |   3592 |   4 | 1429.2 |
  Orcish Mines |   1950 |   1774 |    176 |      0 |   1419 |   2 |  975.0 |
       Ossuary |    374 |    374 |      0 |      0 |    211 |   1 |  374.0 |
        Bailey |   1088 |   1088 |      0 |     13 |    621 |   1 | 1088.0 |
      Ice Cave |   1491 |   1491 |      0 |    210 |    813 |   1 | 1491.0 |
       Volcano |    624 |    624 |      0 |    214 |    273 |   1 |  624.0 |
      Gauntlet |    707 |    707 |      0 |    162 |     80 |   1 |  707.0 |
               +--------+--------+--------+--------+--------+-----+--------+

Top non-repeatable levels by time:
    D:15: 2418 daAuts
Spider:1: 2260 daAuts
     D:7: 2236 daAuts
     D:6: 2045 daAuts
  Lair:2: 1719 daAuts
Spider:4: 1645 daAuts
  Lair:4: 1577 daAuts
  Lair:3: 1576 daAuts
   IceCv: 1491 daAuts
  Lair:5: 1386 daAuts
   Orc:2: 1326 daAuts
    D:14: 1316 daAuts
     D:8: 1257 daAuts
     D:9: 1212 daAuts
    D:10: 1136 daAuts

Levels and vault maps discovered:
D:1:      minmay_arrival_glassed_features, layout_loops_ring, hex_medium
D:2:      layout_rooms, shapermc_ecumenical_altar_rom_forum,
          kennysheep_generic_room_7
D:3:      layout_loops_ring
D:4:      layout_rooms, nicolae_vehumet_radiance,
          lightli_ossuary_entry_decrepit_ruins
D:5:      layout_rooms, ebering_ghost_inner_flame, lightli_corner_chamber
D:6:      old_forge, layout_cave_pods, xom_confusion_cloud, temple_fountains
D:7:      layout_basic, lemuel_doored_altar, corexii_corridor_pit,
          kennysheep_pointless_box, minmay_shop_damaged, chequers_garden,
          lightli_orcish_oven, uniq_maurice, uniq_maggie, uniq_prince_ribbit1
D:8:      layout_loops_corners, enter_bailey_3
D:9:      layout_roguey [special_room_bee]
D:10:     layout_roguey, grunt_temple_overflow_open,
          hangedman_decor_diamond_cutter, uniq_grum
D:11:     layout_stronghold, dpeg_lair_monsters, serial_glass, glass_columns_b,
          glass_columns_b, glass_columns_c, glass_columns_b,
          chequers_mini_garden
D:12:     layout_big_octagon, david_orc_2, drop_trap, grunt_potential,
          uniq_nessos
D:13:     layout_basic, david_vaults_3, biasface_ghost_orc_armoury,
          minmay_misc_feat_secret_circle
D:14:     layout_basic, serial_park_tiny_1, abandoned_shop, minivault_16
D:15:     gammafunk_enter_depths_forms, layout_basic,
          gammafunk_ghost_tricky_traps, nicolae_twisty_statue_hallways,
          uniq_josephine
Lair:1:   layout_loops_ring, portal_ice_cave_entry_pillars_1, grunt_megastairs_1
Lair:2:   layout_chaotic_city, dummy_spider_entry, gauntlet_entry_generic,
          lemuel_fruit_fields, uniq_urug
Lair:3:   dragon1_lemuel, layout_chaotic_city, minmay_swamp_entry_worms,
          dreamdust_deal_with_the_devil, lemuel_fruit_fields,
          infiniplex_staircase_pool
Lair:4:   layout_regular_city, ebering_ghost_xom, serial_bayou_lake_a,
          uniq_rupert
Lair:5:   hellmonk_lair_end_abyssal_woods, layout_hall_layers,
          nicolae_slime_entry_slimehenge, uniq_snorg
Spider:1: layout_chambers
Spider:2: layout_spider_delve, uniq_aizul
Spider:3: layout_spider_delve, nicolae_spider_bzzzt
Spider:4: grunt_spider_rune_parallel
Orc:1:    layout_diamond_mine
Orc:2:    st_orc_congregation, layout_caves, nicolae_volcano_entry_two_sided,
          nicolae_orc_minecarts, uniq_donald, uniq_sonja

Table legend: (Time is in decaauts)
 A = Elapsed time spent in this place.
 B = Non-inter-level travel time spent in this place.
 C = Inter-level travel time spent in this place.
 D = Time resting spent in this place.
 E = Time spent auto-exploring this place.
 F = Levels seen in this place.
 G = Mean time per level.
                   A        B        C        D        E       F      G
               +--------+--------+--------+--------+--------+-----+--------+
         Total |  37762 |  35772 |   1990 |   2928 |  25793 |  31 | 1218.1 |
       Dungeon |  18606 |  17216 |   1390 |    703 |  13549 |  15 | 1240.4 |
          Lair |   7202 |   6907 |    295 |    524 |   5234 |   5 | 1440.4 |
   Spider Nest |   5717 |   5590 |    127 |   1102 |   3592 |   4 | 1429.2 |
  Orcish Mines |   1950 |   1774 |    176 |      0 |   1419 |   2 |  975.0 |
       Ossuary |    374 |    374 |      0 |      0 |    211 |   1 |  374.0 |
        Bailey |   1088 |   1088 |      0 |     13 |    621 |   1 | 1088.0 |
      Ice Cave |   1491 |   1491 |      0 |    210 |    813 |   1 | 1491.0 |
       Volcano |    624 |    624 |      0 |    214 |    273 |   1 |  624.0 |
      Gauntlet |    707 |    707 |      0 |    162 |     80 |   1 |  707.0 |
               +--------+--------+--------+--------+--------+-----+--------+

Top non-repeatable levels by time:
    D:15: 2418 daAuts
Spider:1: 2260 daAuts
     D:7: 2236 daAuts
     D:6: 2045 daAuts
  Lair:2: 1719 daAuts
Spider:4: 1645 daAuts
  Lair:4: 1577 daAuts
  Lair:3: 1576 daAuts
   IceCv: 1491 daAuts
  Lair:5: 1386 daAuts
   Orc:2: 1326 daAuts
    D:14: 1316 daAuts
     D:8: 1257 daAuts
     D:9: 1212 daAuts
    D:10: 1136 daAuts

Table legend:
 A = Kills in this place as a percentage of kills in the entire game.
 B = Kills by you in this place as a percentage of kills by you in the entire game.
 C = Kills by friends in this place as a percentage of kills by friends in the entire game.
 D = Other kills in this place as a percentage of other kills in the entire game.
 E = Experience gained in this place as a percentage of experience gained in the entire game.
 F = Experience gained in this place divided by the number of levels of this place that you have seen.
                   A       B       C       D       E      F
               +-------+-------+-------+-------+-------+----------------------
         Total | 100.0 | 100.0 | 100.0 | 100.0 | 100.0 | 8706.9
       Dungeon |  40.9 |  37.9 |  58.7 | 100.0 |  29.7 | 5348.6
          Lair |  17.8 |  16.2 |  28.7 |   0.0 |  20.9 | 11261.8
   Spider Nest |  17.7 |  20.0 |   3.3 |   0.0 |  30.9 | 20865.5
  Orcish Mines |  11.7 |  13.5 |   0.0 |   0.0 |   8.7 | 11805.0
       Ossuary |   1.4 |   0.9 |   4.7 |   0.0 |   0.1 | 153.0
        Bailey |   3.4 |   3.9 |   0.0 |   0.0 |   0.9 | 2386.0
      Ice Cave |   4.8 |   4.8 |   4.7 |   0.0 |   5.8 | 15701.0
       Volcano |   1.4 |   1.6 |   0.0 |   0.0 |   1.7 | 4530.0
      Gauntlet |   1.0 |   1.1 |   0.0 |   0.0 |   1.3 | 3535.0
               +-------+-------+-------+-------+-------+----------------------
